Map: Rooftop Terrace

Players

Mystique

  • Race: Zerg Zerg
  • Spawn Location: 6:00

Bulldar

  • Race: Protoss Protoss
  • Spawn Location: 7:00

gonzalotop

  • Race: Protoss Protoss
  • Spawn Location: 5:00

invventor

  • Race: Protoss Protoss
  • Spawn Location: 6:00

SirBizlow

  • Race: Protoss Protoss
  • Spawn Location: 11:00

Infamous

  • Race: Zerg Zerg
  • League: Silver
  • Spawn Location: 12:00

Liquidtrace

  • Race: Protoss Protoss
  • League: Gold
  • Spawn Location: 1:00

Mechanical

  • Race: Protoss Protoss
  • League: Diamond
  • Spawn Location: 12:00

VOD

Have the link to the VOD?

Description

Time

  • Played on: April 4, 2018, 10:10 a.m.
  • Length: 18:27
Show
View Real Time Build Order
Export as new Build Order

Mystique Zerg 

Build Orders: Hatch First 

Get SALT Encoding   

  12  0:09  Drone  
  12  0:10  Drone  
  14  0:20  Overlord  
  14  0:40  Drone x2  
  16  0:51  Drone  
  17  1:00  Drone  
  17  1:01  Hatchery  
  17  1:05  Drone  
  18  1:20  Drone  
  18  1:24  Spawning Pool  
  18  1:27  Extractor  
  18  1:29  Extractor  
  18  1:30  Drone  
  17  1:47  Drone x2  
  19  1:58  Overlord  
  19  2:14  Metabolic Boost  
  19  2:16  Zergling x2  
  19  2:18  Queen  
  19  2:19  Overlord  
  22  2:24  Queen  
  22  2:27  Drone  
  22  2:29  Drone  
  26  2:37  Zergling x2  
  27  2:45  Drone  
  27  2:48  Drone  
  29  2:57  Zergling x2  
  29  2:58  Zergling x2  
  31  3:12  Drone x2  
  33  3:20  Zergling x4  
  35  3:28  Lair  
  35  3:33  Baneling Nest  
  34  3:34  Drone  
  34  3:35  Drone  
  34  3:37  Overlord  
  36  3:49  Drone  
  36  3:50  Drone x2  
  36  3:51  Pneumatized Carapace  
  38  4:06  Zergling x10  
  43  4:21  Zergling x2  
  43  4:22  Zergling x6  
  47  4:27  Baneling x4  
  47  4:28  Baneling  
  47  4:35  Burrow  
  47  4:44  Centrifical Hooks  
  47  4:47  Zergling x6  
  47  4:52  Zergling x2  
  51  4:54  Overlord x2  
  51  5:25  Zergling x2  
  51  5:26  Zergling x8  
  56  5:30  Baneling x4  
  56  5:31  Baneling x3  
  55  5:41  Zergling x2  
  52  5:47  Zergling x4  
  52  5:48  Zergling x8  
  58  6:03  Zergling x2  
  58  6:04  Zergling x2  
  60  6:07  Overlord  
  59  6:38  Overseer  
  58  6:40  Overseer  
  58  6:41  Overseer  
  57  6:57  Baneling x8  
  57  6:58  Baneling  
  52  7:13  Overseer  
  52  7:20  Zergling x2  
  52  7:21  Zergling x12  
  59  7:24  Baneling x9  
  59  7:25  Baneling x10  
  59  7:32  Extractor  
  58  7:44  Extractor  
  57  7:49  Drone, Hydralisk Den  
  57  7:50  Drone, Overlord x2  
  57  7:51  Drone x2, Overlord  
  58  7:52  Drone x2  
  62  7:59  Queen  
  62  8:00  Overlord x2  
  62  8:01  Overlord x2  
  62  8:04  Queen  
  66  8:19  Muscular Augments  
  66  8:20  Hydralisk  
  66  8:21  Hydralisk  
  70  8:33  Hydralisk x4  
  78  8:58  Drone  
  79  9:04  Hydralisk x2  
  79  9:05  Hydralisk x2  
  83  9:31  Hydralisk  
  83  9:32  Hydralisk x6  
  83  9:33  Hydralisk  
  82  10:04  Zergling x2  
  82  10:05  Zergling x18  
  92  10:10  Grooved Spines  
  92  10:22  Zergling x2  
  92  10:23  Zergling x4  
  92  10:26  Baneling x14  
  92  10:27  Baneling x2  
  95  10:43  Evolution Chamber  
  95  10:49  Overlord  
  94  10:50  Overlord x2  
  94  11:16  Zerg Melee Weapons Level 1  
  94  11:23  Hatchery  
  93  11:27  Baneling x5  
  93  11:28  Baneling x5  
  93  11:37  Hydralisk x3  
  93  11:38  Hydralisk x15  
  75  12:47  Hydralisk x5  
  75  12:48  Hydralisk x11  
  107  13:16  Zerg Missile Weapons Level 1  
  107  13:23  Infestation Pit  
  106  14:01  Hive  
  74  14:58  Hydralisk  
  74  14:59  Hydralisk x18  
  112  15:16  Queen  
  112  15:17  Drone  
  112  15:20  Drone  
  116  15:30  Drone  
  116  15:33  Drone  
  118  15:42  Zerg Ground Armor Level 1  
  104  16:32  Adrenal Glands  
  76  16:41  Hydralisk x4  
  76  16:42  Hydralisk x3  
  76  16:43  Zergling x8  
  76  16:44  Zergling x2  
  85  17:25  Zergling x4  
  85  17:26  Zergling x8  
  85  17:27  Zergling x12  
  97  18:01  Hatchery  
  96  18:07  Zergling x12  
  96  18:08  Zergling x12  
  96  18:09  Zergling x10  
  96  18:10  Zergling x2  
Show
View Real Time Build Order
Export as new Build Order

Bulldar Protoss 

Build Orders:  

Get SALT Encoding   

  12  0:02  Probe (Chrono Boost)  
  13  0:12  Probe (Chrono Boost)  
  14  0:22  Pylon  
  14  0:25  Probe  
  15  0:40  Probe, Assimilator  
  16  0:43  Assimilator  
  16  0:52  Probe  
  17  0:59  Gateway  
  17  1:07  Probe (Chrono Boost)  
  18  1:17  Probe (Chrono Boost)  
  19  1:22  Probe (Chrono Boost)  
  20  1:38  Probe  
  21  1:47  Cybernetics Core  
  21  1:50  Probe  
  22  2:02  Probe  
  23  2:14  Nexus  
  23  2:17  Assimilator  
  23  2:21  Assimilator  
  23  2:34  Stargate  
  23  3:24  Void Ray (Chrono Boost)  
  27  3:58  Protoss Air Weapons Level 1  
  27  4:00  Void Ray (Chrono Boost)  
  31  4:25  Probe (Chrono Boost)  
  32  4:34  Fleet Beacon  
  32  4:35  Probe (Chrono Boost)  
  33  4:40  Probe (Chrono Boost), Void Ray (Chrono Boost)  
  38  4:57  Pylon  
  38  5:00  Pylon  
  38  5:15  Probe (Chrono Boost)  
  39  5:24  Probe (Chrono Boost), Tempest (Chrono Boost)  
  46  5:29  Probe (Chrono Boost)  
  47  5:59  Tempest (Chrono Boost)  
  41  6:36  Carrier (Chrono Boost)  
  41  6:42  Protoss Air Weapons Level 2  
  47  6:56  Graviton Catapult  
  47  7:39  Carrier (Chrono Boost)  
  53  7:52  Pylon  
  53  8:00  Pylon x2  
  53  8:02  Pylon  
  53  8:07  Mothership (Chrono Boost)  
  61  8:54  Void Ray  
  61  8:55  Protoss Air Weapons Level 3  
  65  9:36  Void Ray  
  69  10:16  Void Ray (Chrono Boost)  
  73  10:49  Stargate  
  73  10:50  Stargate  
  73  10:52  Void Ray  
  77  11:35  Void Ray  
  81  12:18  Void Ray  
  77  12:38  Mothership  
  85  13:48  Void Ray  
  85  13:53  Void Ray x2  
  73  14:42  Pylon  
  73  14:43  Pylon  
  73  14:46  Pylon  
  73  14:47  Pylon  
  61  15:01  Tempest x3 (Chrono Boost)  
  79  15:15  Protoss Air Armor Level 1 (Chrono Boost)  
  79  15:36  Tempest x3  
  95  16:19  Tempest x3  
  99  17:23  Pylon x2  
  99  17:25  Pylon  
  99  17:26  Pylon  
  99  17:28  Pylon  
  99  17:29  Pylon  
  99  17:32  Pylon  
  99  17:33  Pylon  
Show
View Real Time Build Order
Export as new Build Order

gonzalotop Protoss 

Build Orders: Nexus First 

Get SALT Encoding   

  12  0:06  Probe (Chrono Boost)  
  13  0:17  Probe (Chrono Boost)  
  14  0:21  Probe (Chrono Boost)  
  15  0:49  Nexus  
  15  1:03  Pylon  
  15  1:12  Assimilator  
  15  1:16  Pylon  
  15  1:21  Probe  
  16  1:25  Gateway  
  16  1:34  Probe  
  17  1:42  Assimilator  
  17  1:46  Probe  
  18  1:56  Forge  
  18  1:58  Probe  
  19  2:08  Pylon  
  19  2:15  Cybernetics Core  
  19  2:21  Zealot  
  21  2:25  Probe (Chrono Boost)  
  23  2:37  Probe (Chrono Boost)  
  23  2:43  Probe (Chrono Boost)  
  24  2:54  Probe  
  25  3:03  Photon Cannon  
  25  3:09  Probe (Chrono Boost)  
  26  3:12  Pylon  
  26  3:37  Stargate  
  26  3:39  Stargate  
  26  3:44  Zealot  
  28  4:02  Probe  
  29  4:04  Assimilator  
  29  4:07  Probe (Chrono Boost)  
  30  4:13  Photon Cannon  
  31  4:18  Probe (Chrono Boost), Nexus  
  31  4:19  Probe (Chrono Boost)  
  32  4:28  Probe (Chrono Boost)  
  32  4:30  Void Ray (Chrono Boost)  
  33  4:38  Probe  
  38  4:42  Protoss Air Weapons Level 1  
  38  4:50  Probe  
  39  4:54  Probe  
  40  5:02  Probe  
  40  5:06  Assimilator  
  41  5:12  Photon Cannon  
  45  5:14  Probe  
  46  5:24  Pylon  
  46  5:26  Probe  
  51  5:47  Void Ray (Chrono Boost)  
  51  5:54  Pylon  
  51  5:57  Pylon  
  39  6:57  Void Ray  
  43  7:03  Pylon  
  43  7:04  Probe  
  43  7:07  Pylon  
  44  7:09  Void Ray  
  44  7:11  Pylon  
  44  7:16  Probe  
  45  7:23  Fleet Beacon  
  45  7:25  Photon Cannon  
  45  7:26  Shield Battery  
  45  7:28  Probe  
  45  7:29  Probe  
  47  7:30  Probe  
  47  7:33  Shield Battery  
  48  7:40  Probe  
  48  7:41  Probe  
  48  7:43  Probe  
  51  7:45  Void Ray  
  55  7:53  Probe  
  56  8:01  Protoss Shields Level 1  
  56  8:05  Probe  
  57  8:07  Probe  
  57  8:09  Pylon  
  57  8:12  Photon Cannon  
  58  8:15  Photon Cannon  
  58  8:19  Probe  
  59  8:21  Void Ray  
  63  8:31  Stargate  
  63  8:33  Photon Cannon  
  63  8:37  Photon Cannon  
  63  8:42  Tempest  
  69  8:54  Probe (Chrono Boost)  
  71  9:04  Probe (Chrono Boost)  
  71  9:08  Probe (Chrono Boost)  
  66  9:45  Void Ray  
  66  9:47  Void Ray  
  66  9:48  Void Ray  
  78  10:03  Pylon  
  78  10:12  Pylon  
  78  10:20  Pylon  
  78  10:23  Pylon  
  78  10:29  Assimilator  
  78  10:31  Assimilator  
  78  10:40  Photon Cannon  
  78  10:41  Photon Cannon  
  78  10:48  Gateway  
  55  12:45  Probe  
  56  12:52  Pylon  
  56  12:57  Probe  
  57  13:09  Probe  
  58  13:21  Probe  
  59  13:28  Void Ray  
  59  13:29  Void Ray  
  59  13:33  Pylon, Probe  
  68  13:40  Forge  
  68  13:45  Probe  
  69  13:50  Void Ray  
  41  14:27  Void Ray  
  45  14:46  Pylon  
  45  14:57  Nexus  
  45  15:04  Void Ray  
  49  15:13  Void Ray  
  53  15:21  Pylon  
  53  15:25  Pylon  
  53  15:27  Pylon  
  53  15:39  Void Ray  
  53  15:40  Pylon  
  57  15:49  Pylon  
  57  16:03  Pylon  
  57  16:34  Probe (Chrono Boost)  
  54  16:44  Probe (Chrono Boost)  
  55  16:49  Probe (Chrono Boost)  
  56  17:00  Probe  
Show
View Real Time Build Order
Export as new Build Order

invventor Protoss 

Build Orders:  

Get SALT Encoding   

  12  0:02  Probe  
  13  0:14  Probe  
  13  0:18  Pylon  
  14  0:26  Probe  
  15  0:39  Probe  
  16  2:14  Nexus  
  16  2:21  Nexus  
  16  2:36  Probe  
  17  2:45  Gateway  
  17  2:54  Probe  
  17  2:55  Assimilator  
  18  3:01  Assimilator  
  18  3:07  Probe  
  19  3:14  Nexus  
  19  3:23  Probe (Chrono Boost)  
  20  3:33  Probe (Chrono Boost), Nexus  
  21  3:38  Probe (Chrono Boost)  
  22  3:50  Probe  
  23  4:07  Cybernetics Core  
  23  4:14  Probe (Chrono Boost)  
  24  4:20  Probe (Chrono Boost)  
  26  4:25  Probe (Chrono Boost)  
  26  4:28  Probe (Chrono Boost)  
  26  4:29  Probe (Chrono Boost)  
  29  4:34  Probe (Chrono Boost)  
  29  4:35  Probe (Chrono Boost)  
  29  4:37  Probe (Chrono Boost)  
  31  4:40  Probe (Chrono Boost)  
  31  4:41  Probe (Chrono Boost)  
  31  4:45  Probe  
  34  4:51  Assimilator  
  35  4:53  Probe x2 (Chrono Boost), Assimilator  
  35  4:58  Probe (Chrono Boost)  
  37  5:05  Probe (Chrono Boost), Assimilator  
  39  5:08  Assimilator  
  39  5:09  Probe (Chrono Boost)  
  39  5:10  Probe (Chrono Boost)  
  39  5:12  Probe (Chrono Boost)  
  39  5:14  Probe (Chrono Boost)  
  42  5:17  Probe (Chrono Boost)  
  42  5:19  Probe (Chrono Boost)  
  42  5:20  Probe (Chrono Boost)  
  46  5:25  Probe (Chrono Boost)  
  46  5:26  Probe (Chrono Boost)  
  46  5:27  Probe (Chrono Boost)  
  46  5:28  Probe (Chrono Boost)  
  50  5:29  Probe (Chrono Boost)  
  50  5:33  Probe (Chrono Boost)  
  50  5:34  Probe x2 (Chrono Boost), Assimilator  
  55  5:36  Probe x2 (Chrono Boost)  
  55  5:38  Probe  
  55  5:39  Assimilator  
  56  5:43  Probe  
  56  5:46  Probe  
  58  5:50  Probe  
  57  6:04  Probe (Chrono Boost)  
  40  6:07  Probe (Chrono Boost), Assimilator  
  40  6:09  Assimilator  
  33  6:15  Probe (Chrono Boost)  
  34  6:23  Probe  
  34  6:36  Probe  
  35  6:48  Probe  
  35  6:49  Pylon  
  36  7:00  Probe  
  36  7:01  Pylon x2  
  37  7:03  Pylon  
  37  7:05  Pylon  
  37  7:06  Pylon  
  37  7:08  Pylon  
  37  7:10  Pylon  
  37  7:11  Pylon  
  37  7:12  Pylon  
  37  7:14  Pylon, Gateway  
  37  7:16  Pylon  
  37  7:17  Pylon  
  37  8:15  Nexus  
  37  8:24  Nexus  
  37  8:29  Cybernetics Core  
  37  8:30  Probe (Chrono Boost)  
  40  8:41  Probe (Chrono Boost)  
  40  8:43  Probe (Chrono Boost)  
  42  8:48  Probe (Chrono Boost)  
  42  8:51  Probe x2 (Chrono Boost)  
  44  8:55  Probe (Chrono Boost)  
  44  8:59  Probe (Chrono Boost)  
  44  9:01  Probe  
  44  9:02  Assimilator  
  45  9:09  Probe  
  47  9:15  Assimilator  
  47  9:55  Probe (Chrono Boost)  
  49  10:00  Probe (Chrono Boost)  
  49  10:04  Assimilator  
  49  10:05  Probe (Chrono Boost)  
  51  10:08  Probe (Chrono Boost)  
  51  10:13  Probe (Chrono Boost)  
  51  10:14  Probe (Chrono Boost)  
  53  10:23  Probe (Chrono Boost)  
  57  10:29  Probe (Chrono Boost)  
  57  10:30  Probe (Chrono Boost)  
  57  10:32  Probe (Chrono Boost)  
  57  10:34  Probe x2 (Chrono Boost)  
  59  10:38  Probe (Chrono Boost)  
  59  10:42  Probe x2 (Chrono Boost)  
  64  10:43  Probe x2 (Chrono Boost)  
  64  10:45  Probe (Chrono Boost), Stargate  
  64  10:46  Stargate  
  64  10:47  Probe (Chrono Boost)  
  64  10:48  Stargate  
  66  10:50  Probe x2, Stargate  
  66  10:52  Stargate  
  66  10:54  Probe  
  66  10:55  Stargate  
  69  10:58  Probe  
  69  11:00  Protoss Air Armor Level 1  
  69  11:01  Cybernetics Core  
  69  11:02  Probe x2  
  72  11:07  Probe (Chrono Boost)  
  74  11:12  Probe (Chrono Boost), Forge  
  74  11:16  Probe (Chrono Boost)  
  75  11:22  Probe (Chrono Boost)  
  77  11:26  Probe (Chrono Boost)  
  77  11:30  Probe (Chrono Boost)  
  79  11:33  Probe (Chrono Boost)  
  79  11:35  Probe (Chrono Boost)  
  79  11:39  Void Ray (Chrono Boost)  
  80  11:40  Void Ray x4 (Chrono Boost)  
  80  11:42  Probe  
  80  11:44  Void Ray (Chrono Boost)  
  80  11:46  Probe  
  106  11:54  Probe  
  106  11:59  Probe  
  108  12:27  Protoss Air Weapons Level 1  
  108  12:34  Protoss Shields Level 1  
  108  12:37  Void Ray x6  
  132  13:07  Probe (Chrono Boost)  
  134  13:13  Probe (Chrono Boost)  
  134  13:18  Probe x2 (Chrono Boost)  
  134  13:19  Void Ray  
  137  13:20  Void Ray x5  
  137  13:21  Probe (Chrono Boost)  
  137  13:25  Probe (Chrono Boost)  
  137  13:26  Probe (Chrono Boost)  
  163  13:28  Probe (Chrono Boost)  
  163  13:30  Probe (Chrono Boost)  
  153  13:37  Probe  
  145  13:42  Probe  
  146  13:49  Probe  
  146  13:53  Pylon  
  146  13:54  Probe  
  146  13:55  Pylon  
  148  13:58  Pylon  
  148  13:59  Pylon  
  148  14:02  Pylon  
  148  14:03  Pylon, Void Ray (Chrono Boost)  
  148  14:04  Pylon, Void Ray x2 (Chrono Boost)  
  148  14:05  Void Ray (Chrono Boost)  
  148  14:06  Pylon  
  148  14:08  Pylon  
  148  14:09  Pylon  
  164  14:11  Void Ray (Chrono Boost)  
  164  14:12  Pylon  
  164  14:13  Pylon, Void Ray (Chrono Boost)  
  164  14:15  Pylon  
  172  14:17  Pylon  
  172  14:42  Void Ray (Chrono Boost)  
  172  14:43  Void Ray x3 (Chrono Boost)  
  188  14:48  Void Ray x2 (Chrono Boost)  
  196  15:18  Void Ray  
  200  15:43  Pylon  
  196  16:34  Void Ray (Chrono Boost)  
  196  16:35  Void Ray (Chrono Boost)  
  196  16:36  Void Ray x2 (Chrono Boost)  
  196  16:37  Void Ray (Chrono Boost)  
  196  16:38  Void Ray (Chrono Boost)  
  171  17:06  Void Ray (Chrono Boost)  
  171  17:08  Void Ray x2 (Chrono Boost)  
  171  17:09  Void Ray (Chrono Boost)  
  171  17:11  Void Ray x2 (Chrono Boost)  
  195  17:50  Void Ray (Chrono Boost)  
Show
View Real Time Build Order
Export as new Build Order

SirBizlow Protoss 

Build Orders:  

Get SALT Encoding   

  12  0:14  Pylon  
  12  0:17  Probe (Chrono Boost)  
  13  0:45  Gateway  
  13  0:49  Probe, Forge  
  14  1:01  Probe (Chrono Boost)  
  15  1:13  Probe (Chrono Boost)  
  16  1:20  Assimilator  
  16  1:22  Probe (Chrono Boost)  
  16  1:25  Photon Cannon  
  17  1:27  Probe  
  18  1:36  Cybernetics Core  
  18  2:06  Gateway  
  18  2:08  Gateway  
  18  2:09  Pylon  
  18  2:13  Pylon  
  18  2:17  Pylon  
  18  2:20  Assimilator  
  18  2:21  Warp Gate  
  18  2:38  Stalker  
  21  2:45  Probe (Chrono Boost)  
  22  2:52  Probe (Chrono Boost)  
  22  2:57  Probe (Chrono Boost)  
  23  3:09  Probe (Chrono Boost)  
  23  3:11  Stalker, Nexus  
  26  3:15  Assimilator  
  26  3:17  Assimilator  
  26  3:18  Stalker  
  28  3:20  Pylon  
  28  3:26  Stalker  
  30  3:29  Probe  
  31  3:41  Probe  
  34  3:49  Stalker (Chrono Boost)  
  34  3:53  Probe  
  37  4:00  Stalker (Chrono Boost)  
  37  4:01  Stalker (Chrono Boost)  
  39  4:03  Protoss Ground Weapons Level 1 (Chrono Boost)  
  39  4:05  Probe  
  40  4:17  Probe  
  41  4:29  Probe  
  41  4:31  Probe  
  43  4:34  Stalker x3  
  49  4:44  Gateway  
  49  4:48  Probe x2  
  51  5:00  Probe x2  
  51  5:01  Stalker x2  
  51  5:03  Stalker  
  59  5:22  Twilight Council  
  59  5:25  Gateway  
  59  5:27  Gateway  
  59  5:41  Protoss Ground Armor Level 1 (Chrono Boost)  
  59  5:59  Stalker  
  59  6:00  Stalker x2  
  59  6:03  Blink  
  47  6:43  Stalker x4  
  41  7:00  Gateway  
  41  7:05  Forge  
  41  7:06  Stalker  
  41  7:07  Stalker  
  45  7:08  Stalker x3  
  45  7:09  Stalker  
  45  7:14  Probe (Chrono Boost)  
  54  7:16  Gateway  
  54  7:17  Pylon  
  54  7:20  Pylon  
  54  7:24  Probe (Chrono Boost)  
  54  7:29  Probe (Chrono Boost)  
  55  7:31  Nexus  
  55  7:35  Pylon, Stalker x2  
  60  7:38  Pylon  
  60  7:40  Pylon  
  60  7:42  Pylon  
  61  7:45  Probe (Chrono Boost), Protoss Ground Armor Level 2 (Chrono Boost)  
  61  7:54  Protoss Shields Level 1 (Chrono Boost)  
  61  7:55  Probe (Chrono Boost)  
  62  8:03  Stalker x4  
  70  8:20  Probe (Chrono Boost)  
  72  8:30  Probe x2 (Chrono Boost)  
  72  8:33  Stalker x4  
  81  8:34  Stalker  
  81  8:35  Probe (Chrono Boost)  
  81  8:37  Probe  
  85  8:48  Assimilator  
  85  8:49  Probe  
  85  8:51  Assimilator  
  85  8:54  Photon Cannon  
  86  8:57  Photon Cannon  
  86  9:00  Photon Cannon, Stalker x2  
  86  9:01  Stalker  
  92  9:14  Probe (Chrono Boost)  
  92  9:16  Probe (Chrono Boost)  
  95  9:17  Probe (Chrono Boost)  
  96  9:26  Probe x2 (Chrono Boost)  
  96  9:27  Probe (Chrono Boost)  
  96  9:30  Probe x2 (Chrono Boost)  
  96  9:31  Probe (Chrono Boost)  
  98  9:35  Stalker x5  
  111  9:40  Probe  
  112  9:53  Dark Shrine  
  112  10:01  Robotics Facility  
  112  10:05  Stalker x4  
  112  10:06  Stalker, Robotics Facility  
  122  10:19  Gateway  
  122  10:21  Gateway  
  122  10:23  Pylon  
  122  10:26  Pylon  
  122  10:36  Stalker  
  122  10:37  Stalker x4  
  132  10:43  Protoss Ground Weapons Level 2  
  132  10:44  Protoss Ground Armor Level 3  
  132  10:48  Warp Prism  
  134  10:54  Warp Prism  
  136  11:24  Observer  
  133  12:01  Robotics Bay  
  55  12:47  Stalker x3  
  55  12:48  Stalker x5  
  71  12:58  Warp Prism (Chrono Boost)  
  71  13:03  Protoss Shields Level 2 (Chrono Boost)  
  73  13:09  Stalker x2  
  73  13:11  Stalker x4  
  73  13:12  Stalker x2  
  89  13:13  Stalker x2  
  89  13:16  Gravitic Drive (Chrono Boost)  
  93  13:27  Observer  
  93  13:31  Protoss Ground Weapons Level 3 (Chrono Boost)  
  94  13:35  Stalker x2  
  94  13:36  Stalker x7  
  94  13:37  Stalker  
  58  14:34  Pylon  
  58  14:45  Stalker  
  58  14:46  Stalker x5  
  58  14:47  Stalker x4  
  78  15:00  Warp Prism (Chrono Boost)  
  78  15:02  Observer Gravitic Boosters  
  80  15:15  Pylon  
  80  15:17  Stalker x6  
  80  15:18  Pylon, Stalker x4  
  100  15:21  Pylon  
  100  15:26  Protoss Shields Level 3 (Chrono Boost)  
  100  15:32  Warp Prism  
  102  15:55  Dark Templar x4  
  102  15:56  Dark Templar x4  
  118  15:57  Dark Templar  
  118  16:00  Zealot  
  118  16:01  Charge (Chrono Boost)  
  118  16:28  Zealot x4  
  118  16:29  Zealot x4  
  118  16:30  Zealot x2  
  86  16:50  Assimilator  
  45  17:34  Stalker x5  
  45  17:35  Stalker x5  
  61  18:07  Stalker x7  
  61  18:08  Stalker x3  
Show
View Real Time Build Order
Export as new Build Order

Infamous Zerg 

Build Orders: Hatch First, Swarm Host 

Get SALT Encoding   

  12  0:02  Drone  
  13  0:23  Drone  
  14  0:37  Overlord  
  14  0:50  Hatchery  
  14  0:51  Drone  
  14  1:10  Spawning Pool  
  13  1:22  Drone  
  13  1:23  Drone x2  
  16  1:38  Drone  
  17  1:49  Drone  
  17  1:52  Extractor  
  17  1:56  Drone  
  17  1:58  Queen  
  20  2:03  Drone  
  20  2:07  Drone  
  22  2:10  Queen  
  24  2:17  Drone  
  24  2:18  Drone  
  26  2:28  Overlord  
  26  2:29  Overlord  
  26  2:49  Zergling x2  
  27  2:53  Zergling x2  
  27  2:54  Zergling x2  
  29  3:00  Drone x2  
  31  3:15  Roach Warren  
  30  3:23  Drone  
  30  3:24  Drone x5  
  30  3:26  Metabolic Boost  
  36  3:42  Queen  
  36  3:46  Queen  
  36  3:47  Hatchery  
  39  3:52  Drone  
  39  3:53  Drone x2  
  39  3:55  Drone x2  
  42  4:06  Zergling x2  
  42  4:07  Zergling x4  
  44  4:13  Overlord x3  
  44  4:27  Spine Crawler  
  43  4:32  Drone, Spine Crawler  
  43  4:33  Drone x2  
  45  4:39  Drone x2  
  45  4:40  Drone  
  48  5:03  Drone  
  48  5:05  Queen  
  51  5:17  Roach x2  
  51  5:18  Roach x8  
  51  5:19  Roach  
  73  5:21  Drone  
  73  5:22  Overlord  
  73  5:23  Overlord x3  
  74  5:56  Lair  
  74  6:03  Drone x5  
  79  6:21  Roach x4  
  79  6:22  Roach x3  
  94  6:47  Drone x4  
  97  7:02  Hydralisk Den  
  96  7:10  Drone x2  
  96  7:11  Drone x4  
  96  7:14  Infestation Pit  
  101  8:01  Drone x2  
  101  8:02  Drone x2  
  105  8:20  Extractor  
  105  8:21  Glial Reconstitution  
  105  8:24  Pathogen Glands  
  105  8:26  Grooved Spines  
  105  8:34  Ravager x2  
  106  8:51  Overlord x4  
  106  9:07  Extractor  
  102  9:18  Extractor  
  101  9:36  Swarm Host x5  
  101  9:37  Swarm Host x4  
  128  9:45  Drone  
  128  9:46  Drone  
  92  10:02  Drone x2  
  92  10:03  Drone x5, Overlord  
  92  10:04  Overlord x2  
  99  10:18  Hatchery  
  98  10:34  Neural Parasite  
  98  10:47  Hive  
  98  10:55  Drone x5  
  98  10:56  Drone x6  
  98  10:57  Drone x7  
  116  11:17  Burrow  
  116  11:31  Hydralisk x2  
  116  11:32  Hydralisk x7  
  124  11:34  Hydralisk  
  136  12:01  Drone  
  136  12:02  Drone x2  
  136  12:04  Queen  
  141  12:30  Spire  
  141  12:34  Extractor  
  139  12:38  Extractor  
  138  12:44  Spine Crawler  
  138  12:47  Spore Crawler, Hydralisk  
  138  12:48  Hydralisk  
  138  12:49  Hydralisk x7  
  138  12:50  Hydralisk x3  
  136  13:47  Overlord x4  
  126  14:12  Greater Spire  
  126  14:14  Hydralisk x3  
  126  14:15  Hydralisk x6  
  126  14:16  Hydralisk x5  
  126  14:17  Hydralisk x7  
  148  14:18  Hydralisk  
  160  14:56  Spine Crawler  
  159  15:11  Overlord  
  159  15:12  Overlord x2  
  159  15:15  Overlord x3  
  159  15:16  Overlord x7  
  159  15:42  Corruptor x6  
  161  15:43  Corruptor x6  
  183  16:13  Overseer  
  180  16:38  Corruptor  
  180  16:39  Corruptor x5  
  188  16:40  Corruptor  
  194  17:01  Drone x2  
  194  17:02  Drone x3  
Show
View Real Time Build Order
Export as new Build Order

Liquidtrace Protoss 

Build Orders: Dark Templar Rush 

Get SALT Encoding   

  12  0:01  Probe  
  13  0:13  Probe  
  14  0:26  Probe  
  15  0:29  Pylon  
  15  0:47  Probe  
  15  0:48  Gateway  
  16  0:59  Probe  
  17  1:09  Assimilator  
  17  1:11  Probe (Chrono Boost)  
  18  1:21  Probe (Chrono Boost)  
  19  1:26  Probe (Chrono Boost)  
  20  1:37  Probe  
  20  1:38  Cybernetics Core  
  21  1:41  Pylon  
  21  1:45  Zealot  
  23  1:54  Assimilator  
  23  1:59  Probe  
  24  2:11  Probe  
  25  2:16  Warp Gate  
  25  2:31  Stalker  
  27  2:48  Robotics Facility  
  27  3:06  Stalker  
  29  3:14  Twilight Council  
  29  3:16  Pylon  
  29  3:19  Gateway  
  29  3:25  Gateway  
  29  3:26  Gateway  
  29  3:37  Shield Battery  
  29  3:42  Observer  
  30  3:58  Dark Shrine  
  30  4:00  Pylon  
  30  4:03  Warp Prism  
  32  4:24  Pylon  
  32  4:25  Pylon  
  32  4:27  Pylon  
  32  4:40  Nexus  
  32  5:22  Dark Templar  
  32  5:23  Dark Templar x3  
  39  5:59  Dark Templar x2  
  39  6:00  Dark Templar x2  
  37  6:31  Probe  
  36  6:43  Probe  
  37  6:48  Gateway  
  37  6:49  Gateway  
  37  6:51  Gateway  
  37  6:55  Probe, Gateway  
  38  7:08  Probe  
  33  7:10  Assimilator  
  33  7:11  Assimilator  
  33  7:17  Probe  
  33  7:20  Probe  
  35  7:29  Nexus  
  36  7:30  Probe  
  36  7:32  Probe, Forge  
  36  7:33  Forge  
  36  7:35  Forge  
  37  7:42  Probe  
  39  7:44  Probe, Assimilator  
  39  7:46  Assimilator  
  39  7:54  Probe  
  39  7:56  Probe  
  41  8:01  Warp Prism  
  41  8:03  Charge  
  41  8:04  Protoss Ground Weapons Level 1 (Chrono Boost)  
  41  8:05  Protoss Ground Armor Level 1 (Chrono Boost)  
  43  8:06  Probe, Protoss Shields Level 1 (Chrono Boost), Shadow Stride  
  43  8:08  Probe  
  46  8:20  Probe x2 (Chrono Boost)  
  47  8:32  Probe (Chrono Boost)  
  49  8:35  Probe (Chrono Boost)  
  49  8:37  Probe (Chrono Boost)  
  50  8:46  Probe  
  51  8:59  Probe  
  52  9:20  Stalker x2  
  52  9:21  Stalker x2  
  52  9:22  Stalker x3  
  52  9:23  Stalker  
  65  9:43  Blink  
  51  9:57  Stalker x3  
  51  9:58  Stalker x2  
  59  10:00  Stalker x2  
  59  10:01  Stalker  
  59  10:03  Protoss Ground Weapons Level 2  
  59  10:04  Protoss Ground Armor Level 2  
  59  10:05  Protoss Shields Level 2  
  65  10:26  Nexus  
  65  10:32  Warp Prism (Chrono Boost)  
  67  10:47  Probe  
  68  10:50  Probe  
  69  11:00  Probe  
  69  11:02  Probe  
  71  11:15  Probe  
  66  11:18  Stalker  
  66  11:19  Stalker x2  
  66  11:20  Stalker  
  66  11:22  Stalker  
  66  11:25  Stalker x2  
  67  11:26  Stalker  
  67  11:28  Probe  
  59  11:40  Probe  
  60  11:52  Warp Prism  
  62  11:59  Nexus  
  62  12:12  Nexus  
  62  12:21  Protoss Ground Weapons Level 3 (Chrono Boost)  
  62  12:22  Protoss Ground Armor Level 3 (Chrono Boost)  
  62  12:23  Protoss Shields Level 3 (Chrono Boost)  
  62  12:50  Probe  
  63  13:02  Probe  
  63  13:03  Pylon  
  63  13:04  Pylon  
  64  13:06  Pylon  
  64  13:07  Pylon  
  64  13:14  Probe  
  65  13:21  Dark Templar  
  65  13:22  Dark Templar x2  
  65  13:23  Dark Templar x2  
  65  13:24  Dark Templar x3  
  65  13:26  Probe  
  82  13:38  Probe  
  83  14:01  Dark Templar  
  83  14:02  Dark Templar x3  
  67  14:46  Probe  
  68  14:54  Probe  
  68  14:56  Probe  
  68  14:58  Probe  
  71  15:29  Gateway  
  71  15:30  Gateway  
  71  15:33  Gateway  
  71  15:35  Gateway  
  71  15:38  Gateway  
  71  15:43  Pylon x2  
  71  15:45  Pylon  
  71  15:47  Pylon  
  71  15:49  Pylon  
  71  15:50  Pylon  
  71  15:56  Probe  
  72  15:58  Probe  
  73  16:08  Probe  
  73  16:10  Probe  
  75  16:20  Probe  
  75  16:22  Probe  
  77  16:32  Probe  
  78  16:34  Probe  
  79  16:42  Stalker x3  
  79  16:43  Stalker x2  
  79  16:44  Probe, Stalker x3  
  79  16:45  Stalker  
  79  16:46  Probe, Stalker x3  
  105  16:47  Stalker  
  107  17:06  Stalker x2  
  107  17:07  Stalker x2  
  107  17:08  Stalker x2  
  117  17:09  Stalker  
  117  17:10  Stalker x2  
  117  17:11  Stalker x2  
  117  17:12  Stalker x2  
  117  17:38  Stalker x2  
  117  17:39  Stalker x3  
  117  17:40  Stalker x3  
  117  17:41  Stalker x3  
  117  17:42  Stalker x2  
  121  18:04  Dark Templar x3  
  121  18:05  Dark Templar x3  
  115  18:06  Dark Templar x2  
  115  18:07  Dark Templar  
  115  18:08  Dark Templar x3  
  115  18:09  Dark Templar  
Show
View Real Time Build Order
Export as new Build Order

Mechanical Protoss 

Build Orders:  

Get SALT Encoding   

  12  0:02  Probe  
  13  0:14  Probe  
  14  0:20  Pylon  
  14  0:26  Probe  
  15  0:38  Probe  
  16  0:50  Probe  
  17  1:02  Probe  
  18  1:06  Nexus  
  18  1:19  Forge  
  18  1:22  Probe  
  19  1:50  Assimilator  
  19  1:53  Assimilator  
  19  2:24  Gateway  
Tags
 
Add a new tag
Caveats
  • Supply blocks, unpowered buildings, or Contaminate may cause inaccurate times.
  • Supply counts are checked every 10 seconds.